 Dungeon Crawl Stone Soup version 0.28-a0-1429-gf3d713df7a (webtiles) character file.

Game seed: 5952178949245880943

101 HallandMoats the Shield-Bearer (level 4, -6/35 HPs)
             Began as a Demonspawn Fighter on Jan 9, 2022.
             Killed from afar by Grinder (11 damage)
             ... with a puff of flame
             ... on level 3 of the Dungeon.
             The game lasted 00:01:55 (2062 turns).

HallandMoats the Shield-Bearer (Demonspawn Fighter) Turns: 2062, Time: 00:01:56

Health: -6/35      AC:  7    Str: 19    XL:     4   Next: 48%
Magic:  4/4        EV:  9    Int:  9    God:
Gold:   55         SH:  4    Dex: 12    Spells: 3/3 levels left

rFire   . . .      SeeInvis .   b - +0 hunting sling
rCold   . . .      Faith    .   c - +0 buckler
rNeg    . . .      Spirit   .   i - +0 scale mail
rPois   .          Reflect  .   (no helmet)
rElec   .          Harm     .   n - +0 cloak
rCorr   .          Rampage  .   (no gloves)
Will    .....                   (no boots)
Stlth   ..........              (no amulet)
HPRegen 0.11/turn               (no ring)
MPRegen 0.09/turn               (no ring)

@: no status effects
A: ignite blood 1, demonic touch 1
a: no special abilities


You were on level 3 of the Dungeon.
You visited 1 branch of the dungeon, and saw 3 of its levels.

You collected 55 gold pieces.

Inventory:

Hand Weapons
 a - a +0 war axe
 b - a +0 hunting sling (weapon)
 o - a +1 short sword of venom
Missiles
 h - 17 sling bullets (quivered ammo)
Armour
 c - a +0 buckler (worn)
 i - a +0 scale mail (worn)
 n - a +0 cloak (worn)
Scrolls
 f - a scroll of blinking {unknown}
 g - a scroll of identify {unknown}
 k - a scroll of amnesia {unknown}
Potions
 d - a potion of might
 e - a potion of invisibility {unknown}
 j - 2 potions of lignification {unknown}
 l - a potion of berserk rage {unknown}
 m - a potion of heal wounds {unknown}


   Skills:
 + Level 3.4 Fighting
 + Level 2.3 Axes
 + Level 3.1 Armour
 + Level 1.1 Dodging
 * Level 3.6 Shields


You had 3 spell levels left.
You didn't know any spells.
Your spell library was empty.

Dungeon Overview and Level Annotations

Branches:
Dungeon (3/15)

Altars:
Uskayaw

Shops:
D:2 [

Annotations:
D:3 Grinder


Innate Abilities, Weirdness & Mutations

Your demonic aura sometimes causes spilled blood to erupt in flames.
Your touch may inflict minor irresistible damage on your foes.


Message History

Grinder is nearby!
You are too injured to fight recklessly!
Grinder is nearby!
You are too injured to fight recklessly!
You are too injured to fight recklessly!
You are too injured to fight recklessly!
Unknown command.
You are too injured to fight recklessly!
You are too injured to fight recklessly!
You are too injured to fight recklessly!
Fire: 21 sling bullets
Press: ? - help, Q - select action Shift-Dir - straight line, f/p - Grinder
Aim: Grinder, carrying a wand of flame (20) (heavily wounded, 53% to hit)
You shoot a sling bullet. The sling bullet hits Grinder.
Grinder is heavily wounded.
Grinder zaps a wand.
The puff of flame hits you.
Fire: 20 sling bullets
Press: ? - help, Q - select action Shift-Dir - straight line, f/p - Grinder
Aim: Grinder, carrying a wand of flame (19) (heavily wounded, 53% to hit)
You shoot a sling bullet.
The sling bullet closely misses Grinder.
Grinder gestures at you. You resist with significant effort.
Fire: 19 sling bullets
Press: ? - help, Q - select action Shift-Dir - straight line, f/p - Grinder
Aim: Grinder, carrying a wand of flame (19) (heavily wounded, 53% to hit)
You shoot a sling bullet. The sling bullet hits Grinder!
Grinder is severely wounded.
Grinder gestures at you. You resist with significant effort. Grinder hits you.
* * * LOW HITPOINT WARNING * * *
You writhe in agony.
* * * LOW HITPOINT WARNING * * *
Fire: 18 sling bullets
Press: ? - help, Q - select action Shift-Dir - straight line, f/p - Grinder
Aim: Grinder, carrying a wand of flame (19) (severely wounded, 53% to hit)
You shoot a sling bullet.
The sling bullet closely misses Grinder.
Grinder zaps a wand.
The puff of flame hits you!
You die...

#.#
####........
#.#
##...####
#.# ##.## #
#.# #.# #.#
#.# ####.###
#+# #......#
#.##.#.## #
#.#@.#
.#5...# #
.###....(. +
.# ....####
# #. ...## #
...## #.##
#.


You could see Grinder.

Vanquished Creatures
  3 gnolls (D:3)
  4 adders (D:2)
  An endoplasm (D:2)
  4 goblins
  2 hobgoblins (D:2)
  5 kobolds
  4 quokkas (D:1)
  3 ball pythons
  6 bats
  3 frilled lizards
  6 rats
41 creatures vanquished.

Vanquished Creatures (others)
  5 toadstools (D:3)
  3 withered plants (D:2)
8 creatures vanquished.

Grand Total: 49 creatures vanquished

Notes
Turn   | Place    | Note
-------+----------+-------------------------------------------
     0 | D:1      | HallandMoats the Demonspawn Fighter began the quest for the
                  | Orb.
     0 | D:1      | Reached XP level 1. HP: 18/18 MP: 1/1
   211 | D:1      | Gained mutation: Your demonic aura sometimes causes spilled
                  | blood to erupt in flames. [demonic ancestry]
   211 | D:1      | Reached XP level 2. HP: 15/24 MP: 2/2
   989 | D:2      | Gained mutation: Your touch may inflict minor irresistible
                  | damage on your foes. [demonic ancestry]
   989 | D:2      | Reached XP level 3. HP: 29/29 MP: 3/3
  1110 | D:2      | Found a hide-covered altar of Uskayaw.
  1152 | D:2      | Found Wuaxkygi's Armour Shop.
  1372 | D:2      | Found a faded altar of an unknown god.
  1762 | D:3      | Reached skill level 1 in Dodging
  1762 | D:3      | Reached XP level 4. HP: 27/35 MP: 4/4
  2054 | D:3      | Noticed Grinder
  2062 | D:3      | Killed from afar by Grinder

Illustrated notes

Levels and vault maps discovered:
D:1:      lightli_arrival_statuegarden, layout_loops_ring
D:2:      layout_loops_ring, serial_shops, shop,
          ebering_ecumenical_altar_petrified, basic_altar
D:3:      layout_loops_corners, nicolae_overflow_hidden_temple,
          portal_sewer_entry_e, minmay_misc_feat_roman,
          minmay_gold_behind_fungi, uniq_grinder, uniq_ijyb

Skill      XL: |  1  2  3 |
---------------+----------+-----
Shields        | 3 |  3.6
Axes           | 2 |  2.3
Armour         | 3 |  3.1
Dodging        | 1 |  1.1
Fighting       | |  3.4

Action                   |  1- 3 |  4- 6 || total
-------------------------+-------+-------++-------
Melee: War axe           |    49 |       ||    49
 Fire: Hunting sling     |    76 |    17 ||    93
Armor: Scale mail        |    50 |       ||    50
Dodge: Dodged            |    43 |       ||    43
Block: Buckler           |    27 |     1 ||    28

Table legend: (Time is in decaauts)
 A = Elapsed time spent in this place.
 B = Non-inter-level travel time spent in this place.
 C = Inter-level travel time spent in this place.
 D = Time resting spent in this place.
 E = Time spent auto-exploring this place.
 F = Levels seen in this place.
 G = Mean time per level.
                   A        B        C        D        E       F      G
               +--------+--------+--------+--------+--------+-----+--------+
         Total |   2106 |   1932 |    174 |      0 |   1603 |   3 |  702.0 |
       Dungeon |   2106 |   1932 |    174 |      0 |   1603 |   3 |  702.0 |
               +--------+--------+--------+--------+--------+-----+--------+

Top non-repeatable levels by time:
     D:1: 889 daAuts
     D:2: 874 daAuts
     D:3: 341 daAuts
